Map: Overgrowth LE (Void)

Players

FilP

  • Race: Protoss Protoss
  • Spawn Location: 1:00

Tism - Winner!

  • Race: Zerg Zerg
  • League: Platinum
  • Spawn Location: 7:00

VOD

Have the link to the VOD?

Description

Time

  • Played on: Dec. 31, 2016, 5:45 a.m.
  • Length: 11:02
Show
View Real Time Build Order
Export as new Build Order

FilP Protoss 

Build Orders: Oracle Opening 

Get SALT Encoding   

  12  0:01  Probe (Chrono Boost)  
  13  0:11  Probe (Chrono Boost)  
  14  0:17  Pylon  
  14  0:22  Probe (Chrono Boost)  
  16  0:35  Probe (Chrono Boost)  
  16  0:38  Gateway  
  16  0:42  Assimilator  
  16  0:46  Probe (Chrono Boost)  
  17  0:53  Assimilator  
  17  0:56  Probe (Chrono Boost)  
  18  1:07  Probe (Chrono Boost)  
  19  1:17  Probe (Chrono Boost)  
  20  1:26  Cybernetics Core  
  20  1:28  Probe (Chrono Boost)  
  21  1:38  Probe (Chrono Boost)  
  21  1:40  Pylon  
  21  1:49  Probe (Chrono Boost)  
  22  1:59  Adept  
  22  2:05  Warp Gate  
  26  2:10  Mothership Core (Chrono Boost)  
  23  2:30  Probe (Chrono Boost)  
  23  2:38  Stalker  
  23  2:42  Probe (Chrono Boost)  
  26  2:55  Nexus  
  26  2:59  Probe (Chrono Boost)  
  27  3:10  Probe (Chrono Boost)  
  27  3:11  Sentry  
  30  3:17  Stargate  
  30  3:22  Probe (Chrono Boost)  
  31  3:29  Pylon  
  31  3:40  Gateway  
  31  3:47  Gateway  
  31  3:57  Oracle  
  31  4:01  Probe (Chrono Boost)  
  35  4:08  Probe (Chrono Boost)  
  36  4:13  Probe (Chrono Boost)  
  36  4:15  Pylon  
  37  4:18  Probe (Chrono Boost)  
  39  4:25  Probe (Chrono Boost)  
  39  4:29  Probe (Chrono Boost)  
  40  4:35  Probe (Chrono Boost)  
  41  4:38  Assimilator  
  41  4:39  Probe (Chrono Boost)  
  41  4:43  Sentry x2  
  41  4:45  Sentry  
  48  4:46  Probe (Chrono Boost)  
  48  4:50  Probe (Chrono Boost)  
  50  4:56  Probe (Chrono Boost)  
  51  5:00  Probe (Chrono Boost)  
  53  5:07  Probe (Chrono Boost)  
  53  5:15  Gateway  
  53  5:16  Gateway  
  53  5:30  Probe x2 (Chrono Boost)  
  55  5:41  Twilight Council  
  55  5:42  Robotics Facility  
  55  5:45  Probe x2 (Chrono Boost)  
  55  5:46  Assimilator  
  57  5:50  Pylon  
  57  5:51  Pylon  
  57  5:55  Probe x2 (Chrono Boost)  
  59  6:06  Probe (Chrono Boost)  
  59  6:09  Forge  
  59  6:10  Forge  
  60  6:13  Blink  
  60  6:17  Pylon  
  60  6:19  Probe (Chrono Boost)  
  60  6:21  Probe (Chrono Boost), Pylon  
  60  6:24  Pylon  
  62  6:30  Stalker x2  
  62  6:31  Stalker  
  62  6:32  Protoss Ground Armor Level 1, Protoss Ground Weapons Level 1  
  69  6:33  Zealot, Probe (Chrono Boost)  
  69  6:36  Stalker  
  73  6:43  Observer  
  74  6:53  Pylon  
  74  6:56  Robotics Bay  
  74  7:05  Nexus  
  74  7:15  Pylon  
  74  7:16  Observer  
  74  7:22  Probe x2 (Chrono Boost)  
  77  7:23  Photon Cannon  
  77  7:31  Pylon  
  77  7:34  Pylon  
  77  7:43  Colossus, Extended Thermal Lance  
  83  7:48  Probe x2 (Chrono Boost)  
  85  7:53  Photon Cannon  
  85  7:54  Pylon  
  85  8:02  Probe x2 (Chrono Boost)  
  88  8:14  Probe (Chrono Boost)  
  88  8:16  Protoss Ground Weapons Level 2, Protoss Ground Armor Level 2  
  88  8:17  Probe (Chrono Boost)  
  88  8:19  Probe (Chrono Boost)  
  90  8:23  Gateway  
  90  8:25  Gateway  
  90  8:26  Probe (Chrono Boost)  
  91  8:28  Probe (Chrono Boost)  
  91  8:31  Probe (Chrono Boost)  
  91  8:32  Colossus  
  93  8:38  Probe (Chrono Boost)  
  93  8:41  Charge  
  100  8:43  Probe (Chrono Boost)  
  100  8:44  Probe (Chrono Boost)  
  100  8:45  Assimilator  
  102  8:50  Assimilator  
  102  8:52  Probe (Chrono Boost)  
  102  8:54  Probe (Chrono Boost)  
  104  8:59  Probe (Chrono Boost)  
  105  9:04  Photon Cannon  
  105  9:05  Photon Cannon  
  105  9:10  Pylon  
  105  9:19  Pylon  
  105  9:20  Pylon  
  105  9:30  Stalker x3  
  105  9:31  Immortal, Stalker x4  
  123  9:44  Oracle  
  123  9:51  Photon Cannon x2  
  123  9:56  Photon Cannon  
  123  9:57  Pylon  
  123  10:00  Pylon  
  123  10:06  Immortal  
  123  10:11  Stalker x3  
  123  10:12  Stalker  
  135  10:19  Templar Archives  
  116  10:44  Stalker x2  
  116  10:45  Stalker x4  
  116  10:46  Zealot  
Show
View Real Time Build Order
Export as new Build Order

Tism Zerg - Winner!

Build Orders: Pool First 

Get SALT Encoding   

  12  0:01  Drone  
  13  0:21  Spawning Pool  
  12  0:25  Drone  
  13  0:33  Overlord  
  13  0:37  Drone  
  14  1:01  Hatchery  
  13  1:08  Zergling x2  
  13  1:09  Zergling x2  
  15  1:12  Zergling x2  
  16  1:19  Zergling x2  
  17  1:27  Queen  
  19  1:40  Overlord  
  19  1:45  Drone  
  20  1:52  Drone  
  21  2:03  Drone  
  21  2:21  Drone x2  
  21  2:31  Drone x2  
  23  2:37  Drone x2  
  23  2:39  Spine Crawler  
  23  2:45  Queen x2  
  23  2:48  Spine Crawler  
  26  2:55  Drone x2  
  26  2:56  Drone  
  29  3:00  Drone  
  30  3:07  Extractor  
  30  3:09  Drone x2  
  30  3:10  Drone, Extractor  
  31  3:19  Spore Crawler  
  30  3:22  Spore Crawler  
  30  3:25  Drone x3  
  33  3:27  Drone  
  33  3:41  Drone x3, Overlord  
  36  3:55  Lair  
  36  4:01  Drone x4  
  36  4:02  Drone x2  
  42  4:16  Hatchery  
  41  4:20  Extractor  
  41  4:21  Extractor  
  41  4:22  Evolution Chamber  
  38  4:24  Evolution Chamber  
  38  4:29  Zergling x2  
  38  4:30  Zergling x2  
  38  4:31  Drone x2  
  40  4:35  Drone  
  40  4:37  Drone  
  40  4:38  Drone  
  44  4:42  Overlord  
  44  4:55  Roach Warren  
  42  5:09  Zerg Ground Armor Level 1  
  42  5:10  Zerg Missile Weapons Level 1  
  42  5:16  Hydralisk Den  
  40  5:28  Drone x4  
  42  5:29  Drone x6  
  42  5:30  Drone  
  50  5:37  Queen  
  52  5:58  Overlord x2  
  52  5:59  Drone x4  
  52  6:00  Overlord x2  
  56  6:10  Muscular Augments  
  56  6:25  Drone, Hydralisk x5  
  58  6:26  Drone x2  
  58  6:31  Spore Crawler  
  68  6:36  Drone  
  68  6:37  Drone x5  
  74  6:42  Overlord  
  74  6:43  Overlord  
  74  6:50  Glial Reconstitution  
  74  6:57  Drone  
  74  6:58  Drone x6  
  74  6:59  Drone x2  
  83  7:06  Zerg Ground Armor Level 2  
  83  7:08  Zerg Missile Weapons Level 2  
  83  7:13  Extractor  
  83  7:15  Extractor, Spire  
  81  7:17  Drone x2  
  81  7:19  Drone  
  81  7:22  Drone  
  84  7:40  Overseer x2  
  84  7:41  Pneumatized Carapace  
  84  7:42  Hydralisk x4, Roach x2  
  84  7:43  Drone x3, Roach x2  
  103  8:04  Hydralisk  
  105  8:06  Overlord x2  
  105  8:07  Overlord  
  105  8:17  Overlord x2  
  105  8:20  Overlord  
  105  8:27  Corruptor x2, Spine Crawler  
  105  8:28  Hydralisk, Corruptor x2, Spine Crawler  
  105  8:29  Roach  
  105  8:33  Hydralisk x2  
  119  8:36  Roach  
  119  8:37  Roach  
  119  8:38  Hatchery  
  119  8:40  Lurker Den  
  122  9:01  Hydralisk  
  122  9:02  Hydralisk x5, Roach x3  
  134  9:03  Roach x2  
  134  9:05  Roach  
  134  9:09  Overlord x2  
  146  9:29  Corruptor  
  146  9:30  Corruptor x3  
  154  9:32  Overlord x2  
  154  9:33  Hydralisk  
  154  9:34  Roach  
  158  9:49  Infestation Pit  
  135  10:48  Drone x3  
Tags
 
Add a new tag
Caveats
  • Supply blocks, unpowered buildings, or Contaminate may cause inaccurate times.
  • Supply counts are checked every 10 seconds.